[Event "Titled Tuesday Blitz February 21 Early 2023"]
[White "Chakravarthi Reddy, M"]
[Black "Prudnykova, Olga"]
[WhiteFideId "25009532"]
[BlackFideId "14121093"]
[WhiteElo "2279"]
[BlackElo "2268"]
[Result "0-1"]
[Round "11"]
[TimeControl "180+2"]
[Date "2023.02.21"]
[WhiteClock "0:00:11"]
[BlackClock "0:00:31"]

1. e4 c5 2. Nf3 Nf6 3. Nc3 e6 4. d4 cxd4 5. Nxd4 Nc6 6. a3 Bc5 7. Nxc6 bxc6 8. Bd3 d5 9. O-O O-O 10. e5 Nd7 11. Re1 Be7 12. Re3 c5 13. Rh3 g6 14. Qd2 Re8 15. Qh6 Nf8 16. Bf4 c4 17. Be2 Rb8 18. Nd1 a5 19. Ne3 Rb7 20. Re1 f5 21. Rd1 Qb6 22. g4 Qxb2 23. gxf5 exf5 24. Nxd5 Qxc2 25. Rd2 Qb1+ 26. Kg2 Ra7 27. Bg5 Bb7 28. Bf3 Bxd5 29. Bxd5+ Kh8 30. Qh4 Bxg5 31. Qxg5 Qe1 32. Qf6+ Rg7 33. Rd4 Qxe5 34. Qxe5 Rxe5 35. Bxc4 Rge7 36. Rd8 Re8 37. Rxe8 Rxe8 38. a4 Re4 39. Bb5 Ne6 40. Rd3 Nf4+ 41. Kf3 Nxd3 42. Bxd3 Rxa4 43. Ke3 Ra3 44. f4 Rxd3+ 45. Kxd3 Kg7 46. Kc3 Kf6 47. Kc4 g5 48. Kb5 gxf4 49. Kxa5 f3 50. Kb4 f2 51. Kc3 f1=Q 0-1


[Site "https://www.chess.com"]

[Event "Titled Tuesday Blitz February 21 Early 2023"]
[White "Matko, Ognjen"]
[Black "Guzman Moneo, Alberto"]
[WhiteFideId "14509717"]
[BlackFideId "2209616"]
[WhiteElo "2295"]
[BlackElo "2170"]
[Result "0-1"]
[Round "11"]
[TimeControl "180+2"]
[Date "2023.02.21"]
[WhiteClock "0:01:05"]
[BlackClock "0:00:42"]

1. e4 c5 2. Nf3 Nc6 3. d4 cxd4 4. Nxd4 g6 5. c4 Nf6 6. Nc3 d6 7. f3 Nxd4 8. Qxd4 Bg7 9. Be3 O-O 10. Qd2 a5 11. O-O-O a4 12. Bh6 Qa5 13. Bxg7 Kxg7 14. Nd5 Nxd5 15. Qxa5 Rxa5 16. exd5 e5 17. dxe6 Bxe6 18. Rxd6 Rc8 19. Rd4 b5 20. b3 axb3 21. axb3 bxc4 22. bxc4 Bxc4 23. Kd2 Ra1 24. Bxc4 Rxh1 25. h3 Rg1 26. g4 Rg3 27. Ke3 Rxh3 28. Kf4 h5 29. Ba2 hxg4 30. Kxg4 Rh2 31. Bc4 Rg2+ 32. Kf4 Rc5 33. Bb3 f5 34. Rd7+ Kh6 35. Bg8 g5+ 36. Ke3 Re5+ 37. Kd4 Re1 38. Rh7+ Kg6 39. Ra7 Rd2+ 40. Kc3 Rd6 41. Bh7+ Kf6 42. Bg8 Re3+ 43. Kc4 Rxf3 44. Kc5 Rd2 45. Bd5 Rxd5+ 46. Kxd5 g4 47. Ra8 Kg5 48. Kd4 Kf4 49. Rg8 g3 50. Rh8 g2 51. Rh4+ Kg3 0-1


[Site "https://www.chess.com"]

[Event "Titled Tuesday Blitz February 21 Early 2023"]
[White "Babikov, Ivan"]
[Black "Orujov, Elshad"]
[WhiteFideId "4161106"]
[BlackFideId "13403540"]
[WhiteElo "2239"]
[BlackElo "2304"]
[Result "1-0"]
[Round "11"]
[TimeControl "180+2"]
[Date "2023.02.21"]
[WhiteClock "0:00:31"]
[BlackClock "0:00:02"]

1. Nf3 Nf6 2. g3 d5 3. Bg2 c5 4. d3 Nc6 5. O-O e5 6. Nbd2 Be7 7. e4 Be6 8. c4 dxc4 9. dxc4 O-O 10. Qe2 Nd4 11. Nxd4 cxd4 12. Rd1 Rc8 13. b3 Nd7 14. Bb2 Nc5 15. Nf3 Qc7 16. Ne1 Rcd8 17. Nd3 Nxd3 18. Qxd3 f5 19. exf5 Bxf5 20. Be4 Bxe4 21. Qxe4 Bc5 22. Rd3 Rf7 23. Re1 Bd6 24. Qd5 Rf8 25. Re2 Kh8 26. a3 a5 27. Rc2 Qe7 28. c5 Bb8 29. Re2 Qf6 30. b4 axb4 31. axb4 Qa6 32. Rdd2 Qb5 33. Kg2 Qxb4 34. Bxd4 Rc7 35. Bxe5 Rxc5 36. Bd6 Rxd5 37. Bxb4 Rxd2 38. Rxd2 Rc8 39. Rd7 Bc7 40. Bc3 Kg8 41. Rxg7+ Kf8 42. Rxh7 Rd8 43. Rxc7 1-0


[Site "https://www.chess.com"]

[Event "Titled Tuesday Blitz February 21 Early 2023"]
[White "Bogaudinov, Rushan"]
[Black "Valle Maytin, Luis Enrique"]
[WhiteFideId "4129288"]
[BlackFideId "3503666"]
[WhiteElo "1939"]
[BlackElo "2241"]
[Result "1-0"]
[Round "11"]
[TimeControl "180+2"]
[Date "2023.02.21"]
[WhiteClock "0:01:13"]
[BlackClock "0:00:04"]

1. a3 d5 2. e3 Nf6 3. Nf3 g6 4. d4 Bg7 5. c4 O-O 6. b4 c6 7. Bb2 Nbd7 8. Nc3 Re8 9. cxd5 cxd5 10. Bb5 a6 11. Bxd7 Bxd7 12. Ne5 Rc8 13. O-O Bf5 14. Rc1 Ne4 15. Nxe4 Bxe4 16. f3 Bf5 17. Qb3 Be6 18. Rxc8 Qxc8 19. Rc1 Qd8 20. Nd3 b6 21. Nf4 Qd6 22. Nxe6 Qxe6 23. Qc3 Bh6 24. Kf2 Bg7 25. Qc6 Rd8 26. Qxe6 fxe6 27. f4 Kf7 28. Rc7 Ke8 29. Ra7 Rb8 30. Rxa6 Kd7 31. Ra7+ Kd6 32. a4 b5 33. a5 Bf8 34. Ke2 Kc6 35. Kd3 h6 36. Bc3 g5 37. fxg5 hxg5 38. Be1 Rb7 39. Ra6+ Kd7 40. Bg3 Bg7 41. Ra8 Bf6 42. a6 Rb6 43. a7 Ra6 44. Ke2 Bg7 45. Rg8 Rxa7 46. Rxg7 Ra2+ 1-0


[Site "https://www.chess.com"]

[Event "Titled Tuesday Blitz February 21 Early 2023"]
[White "Shubenkova, Veronika"]
[Black "MunichMouse"]
[WhiteFideId "44124040"]
[WhiteElo "1960"]
[BlackElo "2296"]
[Result "1-0"]
[Round "11"]
[TimeControl "180+2"]
[Date "2023.02.21"]
[WhiteClock "0:01:56"]
[BlackClock "0:00:55"]

1. e4 c5 2. Nc3 a6 3. g3 Nc6 4. Bg2 e5 5. d3 g6 6. Nd5 Bg7 7. Be3 d6 8. Ne2 h6 9. f4 Nge7 10. Rb1 O-O 11. O-O Kh7 12. c4 Nd4 13. Nxd4 cxd4 14. Bd2 f5 15. Qe2 Nxd5 16. cxd5 Bd7 17. Bb4 Bb5 18. b3 a5 19. Ba3 Qd7 20. fxe5 Bxe5 21. exf5 Rxf5 22. Be4 Rxf1+ 23. Rxf1 Kg7 24. Bc1 Qe7 25. Qg4 Be8 26. h4 h5 27. Qf3 Qf7 28. Qg2 Qd7 29. Bg5 Qg4 30. Rf3 a4 31. b4 a3 32. Kh2 Rc8 33. Qd2 Bd7 34. Bf4 Qh3+ 35. Kg1 Rf8 36. Bh6+ Kh7 37. Bxf8 Bxg3 38. Qh6+ 1-0


[Site "https://www.chess.com"]

[Event "Titled Tuesday Blitz February 21 Early 2023"]
[White "Lerch, Philipp"]
[Black "Kornyukov, Alexey"]
[WhiteFideId "4654129"]
[BlackFideId "4150457"]
[WhiteElo "2305"]
[BlackElo "2452"]
[Result "1-0"]
[Round "11"]
[TimeControl "180+2"]
[Date "2023.02.21"]
[WhiteClock "0:00:12"]
[BlackClock "0:00:07"]

1. e4 c5 2. Be2 Nc6 3. c3 e6 4. Nf3 d5 5. d3 Nge7 6. O-O g6 7. Bg5 Bg7 8. Qc1 h6 9. Bf4 g5 10. Be3 d4 11. cxd4 cxd4 12. Bd2 O-O 13. b4 Ng6 14. b5 Nce5 15. Nxe5 Nxe5 16. Na3 Bd7 17. Qb2 Rc8 18. Rac1 Qe7 19. Bb4 Qf6 20. Bxf8 Rxf8 21. Rc7 Qd8 22. Rxb7 Bc8 23. Rxa7 Qb6 24. Ra4 Nd7 25. Nc4 Qb8 26. b6 Nc5 27. Rb4 Nxe4 28. dxe4 d3 29. Qd2 dxe2 30. Qxe2 Ba6 31. a4 Rc8 32. a5 Bc3 33. Rfb1 Bxb4 34. Rxb4 Qf4 35. g3 Qc1+ 36. Kg2 Bxc4 37. Rxc4 Rxc4 38. b7 Rb4 39. a6 Qa3 40. Qd2 Kh7 41. Qd7 Kg6 42. Qd6 Qa5 43. Qf8 Rb1 44. Qg8+ Kf6 45. Qh8+ Ke7 46. b8=Q Rxb8 47. Qxb8 Qxa6 48. Qc7+ Kf6 49. Qd8+ Kg7 50. Qe7 Qc6 51. f3 Qc2+ 52. Kh3 Qd1 53. Kg4 h5+ 54. Kxg5 Qxf3 55. h3 Qxg3+ 56. Kxh5 Qg6+ 57. Kh4 Qf6+ 58. Qxf6+ Kxf6 59. Kg4 Kg6 60. h4 Kh6 61. Kf4 Kh5 62. Ke5 Kxh4 63. Kf6 Kg4 64. Kxf7 e5 65. Ke6 Kf4 66. Kd5 Kg5 67. Kxe5 Kg6 68. Ke6 Kg7 69. Ke7 Kg6 70. e5 Kf5 71. e6 Ke5 72. Kf7 Kd6 73. e7 Kd7 74. e8=Q+ 1-0


[Site "https://www.chess.com"]

[Event "Titled Tuesday Blitz February 21 Early 2023"]
[White "Carrasco Miranda, Andres"]
[Black "Kohler, Aran"]
[WhiteFideId "3405990"]
[BlackFideId "1002856"]
[WhiteElo "2240"]
[BlackElo "2010"]
[Result "1-0"]
[Round "11"]
[TimeControl "180+2"]
[Date "2023.02.21"]
[WhiteClock "0:01:30"]
[BlackClock "0:00:24"]

1. d4 Nf6 2. c4 c5 3. d5 e6 4. Nc3 exd5 5. cxd5 d6 6. e4 g6 7. h3 Bg7 8. Bd3 O-O 9. Bg5 h6 10. Be3 a6 11. a4 Re8 12. Nf3 Nbd7 13. O-O Qc7 14. Re1 Kh7 15. Rb1 Rb8 16. Qd2 Ne5 17. Nxe5 Rxe5 18. Bf4 Re8 19. b4 c4 20. Bc2 Nd7 21. b5 Ne5 22. bxa6 bxa6 23. Rxb8 Qxb8 24. Rb1 Qc7 25. Ne2 g5 26. Bg3 Bxh3 27. Bxe5 Bxe5 28. gxh3 c3 29. Qd3 Rb8 30. Rxb8 Qxb8 31. Qxa6 Qb2 32. Qd3 Qa1+ 33. Kg2 Kg6 34. Ng1 Qc1 35. Nf3 Qf4 36. Nxe5+ Qxe5 37. a5 Kg7 38. a6 Qe7 39. e5 dxe5 40. Qh7+ 1-0


[Site "https://www.chess.com"]

[Event "Titled Tuesday Blitz February 21 Early 2023"]
[White "Decoster, Frederic"]
[Black "Krzywda, Andrzej"]
[WhiteFideId "204269"]
[BlackFideId "1114565"]
[WhiteElo "2301"]
[BlackElo "2223"]
[Result "1/2-1/2"]
[Round "11"]
[TimeControl "180+2"]
[Date "2023.02.21"]
[WhiteClock "0:00:05"]
[BlackClock "0:00:09"]

1. e4 c5 2. Nf3 e6 3. d4 cxd4 4. Nxd4 Nc6 5. Nc3 Qc7 6. Be3 Nf6 7. f4 d6 8. Qf3 Be7 9. O-O-O O-O 10. Nxc6 Qxc6 11. g4 a6 12. g5 Nd7 13. h4 Re8 14. h5 Bf8 15. Kb1 b5 16. Bd3 Bb7 17. Ne2 d5 18. e5 d4 19. Qxc6 Bxc6 20. Nxd4 Bxh1 21. Rxh1 Nc5 22. Be2 Rac8 23. Bf3 Rc7 24. a3 Rec8 25. Rg1 g6 26. h6 Na4 27. Be4 Bc5 28. c3 Nb6 29. Rc1 Nc4 30. Re1 Nxe3 31. Rxe3 Bxd4 32. cxd4 Rc4 33. Bb7 Rd8 34. Bxa6 Rcxd4 35. Bxb5 Rxf4 36. a4 Rb4 37. Re2 Kf8 38. Ka2 Ke7 39. Ka3 Rg4 40. b3 Rxg5 41. a5 Rg1 42. a6 g5 43. Kb4 g4 44. Bc6 Ra1 45. Bb7 g3 46. Kb5 Rd3 47. b4 Rda3 48. Kb6 f5 49. exf6+ Kxf6 50. b5 e5 51. Be4 Kg5 52. Bxh7 Kxh6 53. Be4 Kg5 54. Bc6 Kf4 55. Kc7 R1a2 56. Re1 g2 57. Re4+ Kf5 58. Re1 Ra1 59. Rxa1 Rxa1 60. Bxg2 e4 61. Bxe4+ Kxe4 62. Kb7 Kd5 63. b6 Kc5 64. a7 Kb5 65. a8=Q Rxa8 66. Kxa8 Kxb6 1/2-1/2


[Site "https://www.chess.com"]

[Event "Titled Tuesday Blitz February 21 Early 2023"]
[White "Uzcategui Rodriguez, Alejandro"]
[Black "Osuna Vega, Enrique"]
[WhiteFideId "3903400"]
[BlackFideId "2219549"]
[WhiteElo "2255"]
[BlackElo "2061"]
[Result "1-0"]
[Round "11"]
[TimeControl "180+2"]
[Date "2023.02.21"]
[WhiteClock "0:01:54"]
[BlackClock "0:00:42"]

1. e4 d6 2. d4 Nf6 3. Nc3 e5 4. Nf3 Nbd7 5. g4 Nxg4 6. Rg1 Ngf6 7. Bc4 exd4 8. Qxd4 c6 9. Be3 b5 10. Bb3 c5 11. Bxf7+ Kxf7 12. Ng5+ Kg8 13. Qd3 c4 14. Qd4 a6 15. Nd5 h6 16. Ne6 Qe7 17. Nxe7+ 1-0


[Site "https://www.chess.com"]

[Event "Titled Tuesday Blitz February 21 Early 2023"]
[White "tandercat"]
[Black "Gerbelli Neto, Eduardo"]
[BlackFideId "2103281"]
[WhiteElo "1859"]
[BlackElo "2114"]
[Result "0-1"]
[Round "11"]
[TimeControl "180+2"]
[Date "2023.02.21"]
[WhiteClock "0:00:01"]
[BlackClock "0:01:20"]

1. d4 d5 2. c4 c6 3. cxd5 cxd5 4. Nc3 Nf6 5. Bf4 Nc6 6. e3 Bf5 7. Qb3 Na5 8. Qa4+ Bd7 9. Qc2 Rc8 10. Bd3 e6 11. Nge2 Be7 12. O-O O-O 13. f3 b5 14. Qd1 b4 15. Na4 Qe8 16. b3 Bxa4 17. bxa4 Nc4 18. Rb1 Nh5 19. Bg3 Nxe3 20. Qd2 Nxf1 21. Kxf1 Nxg3+ 22. Nxg3 Qc6 23. Ne2 Qxa4 24. Rb3 Rc7 25. Nf4 Qc6 26. Ne2 a5 27. Kf2 Rfc8 28. Kg3 a4 29. Rb2 Qd6+ 30. Kh3 e5 31. g3 exd4 32. Nxd4 Bf6 33. Bf5 Bxd4 0-1


[Site "https://www.chess.com"]

[Event "Titled Tuesday Blitz February 21 Early 2023"]
[White "Petrovic, Aleksa"]
[Black "Mendez Machado, Andre"]
[WhiteFideId "967629"]
[BlackFideId "6603793"]
[WhiteElo "2332"]
[BlackElo "1974"]
[Result "1-0"]
[Round "11"]
[TimeControl "180+2"]
[Date "2023.02.21"]
[WhiteClock "0:00:20"]
[BlackClock "0:00:16"]

1. d4 Nf6 2. c4 e6 3. Nf3 d5 4. Nc3 Bb4 5. Qa4+ Nc6 6. e3 O-O 7. Qc2 Ne4 8. a3 Bxc3+ 9. bxc3 f5 10. cxd5 exd5 11. c4 Be6 12. cxd5 Bxd5 13. Rb1 Kh8 14. Be2 Ng5 15. Qd1 Be4 16. Rb2 Rf6 17. Nxg5 Bxg2 18. Rg1 Bd5 19. Bd3 h6 20. Nh3 f4 21. Nxf4 Rxf4 22. exf4 Nxd4 23. Rg3 Qh4 24. Bb1 c5 25. Qd3 Re8+ 26. Be3 Be4 27. Qxe4 Rxe4 28. Bxe4 Qe7 29. Bxb7 Nf5 30. Rg6 c4 31. Bd5 Nxe3 32. Re6 Qxa3 33. Rb8+ Kh7 34. Be4+ g6 35. Rb7+ Kg8 36. Re8+ 1-0


[Site "https://www.chess.com"]

[Event "Titled Tuesday Blitz February 21 Early 2023"]
[White "Ciuffoletti, Paolo"]
[Black "Womacka, Mathias"]
[WhiteFideId "807630"]
[BlackFideId "4611390"]
[WhiteElo "2106"]
[BlackElo "2396"]
[Result "0-1"]
[Round "11"]
[TimeControl "180+2"]
[Date "2023.02.21"]
[WhiteClock "0:01:20"]
[BlackClock "0:00:31"]

1. e4 c5 2. d4 cxd4 3. c3 dxc3 4. Nxc3 Nc6 5. Nf3 d6 6. Bc4 a6 7. O-O Nf6 8. h3 e6 9. Qe2 Be7 10. Rd1 Qc7 11. Bf4 Ne5 12. Bxe5 dxe5 13. Rac1 Qb8 14. Bb5+ axb5 15. Qxb5+ Bd7 16. Rxd7 Nxd7 17. Nxe5 Qxe5 0-1


[Site "https://www.chess.com"]

[Event "Titled Tuesday Blitz February 21 Early 2023"]
[White "Quirke, Jeffrey"]
[Black "Kaganskiy, Gleb"]
[WhiteFideId "2013029"]
[BlackFideId "4132025"]
[WhiteElo "2007"]
[BlackElo "2205"]
[Result "1-0"]
[Round "11"]
[TimeControl "180+2"]
[Date "2023.02.21"]
[WhiteClock "0:00:22"]
[BlackClock "0:00:29"]

1. e4 e6 2. d4 d5 3. Nd2 c5 4. exd5 Qxd5 5. dxc5 Bxc5 6. Ngf3 Nf6 7. Bc4 Qc6 8. O-O O-O 9. Bd3 Qc7 10. c4 Nc6 11. Qe2 e5 12. Ne4 Nxe4 13. Bxe4 Nd4 14. Nxd4 Bxd4 15. Bd5 Be6 16. Bxe6 fxe6 17. Rb1 Rf5 18. b3 Raf8 19. Be3 Qb6 20. Rbd1 a5 21. Bxd4 exd4 22. Qe4 e5 23. f3 R8f7 24. Rfe1 Qh6 25. Qd5 Qf6 26. Rxd4 h5 27. Rde4 h4 28. Rxe5 Rxe5 29. Qxe5 Qxe5 30. Rxe5 h3 31. Rxa5 hxg2 32. Kxg2 Rd7 33. Rd5 Re7 34. Kf2 Kf7 35. c5 Kf6 36. b4 Re8 37. a4 Rh8 38. Kg3 Re8 39. Rd7 Re1 40. Rxb7 Rg1+ 41. Kf2 Rh1 42. c6 Rxh2+ 43. Kg3 Rc2 44. b5 g5 45. a5 Kf5 46. a6 Rc3 47. a7 g4 48. a8=Q Rxf3+ 49. Kg2 1-0


[Site "https://www.chess.com"]

[Event "Titled Tuesday Blitz February 21 Early 2023"]
[White "Burke, John F"]
[Black "Begunov, Konstantin"]
[WhiteFideId "2052970"]
[BlackFideId "4118510"]
[WhiteElo "2013"]
[BlackElo "2325"]
[Result "1-0"]
[Round "11"]
[TimeControl "180+2"]
[Date "2023.02.21"]
[WhiteClock "0:01:21"]
[BlackClock "0:00:06"]

1. d4 d5 2. c4 c6 3. Nc3 Nf6 4. Nf3 dxc4 5. a4 Bg4 6. Ne5 Bh5 7. Nxc4 e6 8. Qb3 Na6 9. Qxb7 Nb4 10. Na3 a5 11. Bf4 Qc8 12. Qxc8+ Rxc8 13. f3 Nfd5 14. Bg3 Ne3 15. Kf2 Nxf1 16. Rhxf1 c5 17. e3 Nd3+ 18. Ke2 Nxb2 19. d5 c4 20. Rab1 Bxa3 21. Nb5 Bb4 22. Rxb2 O-O 23. d6 Rfd8 24. Rd1 f6 25. d7 Rb8 26. Bxb8 Rxb8 27. d8=Q+ Rxd8 28. Rxd8+ Kf7 29. Rc8 c3 30. Nxc3 Bg6 31. e4 f5 32. Nb5 fxe4 33. Rc7+ Kf6 34. f4 e5 35. fxe5+ Kxe5 36. Rxg7 Bh5+ 37. Kf1 e3 38. Re2 Bxe2+ 39. Kxe2 Bc5 40. Rxh7 Kd5 41. Rh4 1-0


[Site "https://www.chess.com"]

[Event "Titled Tuesday Blitz February 21 Early 2023"]
[White "Matveeva, Olga"]
[Black "Rose, Felix"]
[WhiteFideId "24107018"]
[BlackFideId "5105722"]
[WhiteElo "2128"]
[BlackElo "2091"]
[Result "1-0"]
[Round "11"]
[TimeControl "180+2"]
[Date "2023.02.21"]
[WhiteClock "0:00:15"]
[BlackClock "0:00:15"]

1. d4 d5 2. c4 e6 3. Nf3 Nf6 4. g3 dxc4 5. Bg2 a6 6. Ne5 Bb4+ 7. Bd2 Qxd4 8. Bxb4 Qxe5 9. Qc2 Qb5 10. Ba3 c5 11. Nc3 Qa5 12. Qa4+ Qxa4 13. Nxa4 Nbd7 14. Nxc5 Nxc5 15. Bxc5 Bd7 16. Bxb7 Rb8 17. Bxa6 Rxb2 18. O-O Bb5 19. Bb7 c3 20. a4 Bd7 21. Bf3 Nd5 22. a5 Bc6 23. Rfd1 f5 24. a6 c2 25. Rdc1 Kf7 26. Bd4 Rb4 27. Be5 Rc4 28. e3 Ra8 29. Be2 Ra4 30. Rxc2 Rxa1+ 31. Bxa1 Ba4 32. Ra2 Bb3 33. Ra3 Bc2 34. Bd4 Be4 35. a7 Nc7 36. f3 Bd5 37. Kf2 Ne8 38. Bd3 Nd6 39. Be5 Nc4 40. Bxc4 Bxc4 41. Bb8 Bd5 42. Rc3 Ke7 43. Rc7+ Kf6 44. Rc8 g5 45. Rc7 Kg6 46. h4 h6 47. hxg5 hxg5 48. Ke2 g4 49. fxg4 fxg4 50. Kd3 Kf5 51. Kd4 Bf3 52. Rf7+ Kg6 53. Rf8 Kg7 54. Rf4 Kg6 55. Ke5 Kg7 56. Kxe6 Kg6 57. Ke7 Kg7 58. e4 Kg6 59. e5 Kg7 60. e6 Kg6 61. Kd7 Rxa7+ 62. Bxa7 Kg5 63. e7 Bd1 64. e8=Q Ba4+ 65. Kd8 Bxe8 66. Kxe8 Kg6 67. Rxg4+ Kh5 68. Rg8 Kh6 69. Kf7 Kh5 70. Bb6 Kh6 71. Be3+ Kh5 72. Rg5+ Kh6 73. Rg4+ 1-0


[Site "https://www.chess.com"]

[Event "Titled Tuesday Blitz February 21 Early 2023"]
[White "Fajdetic, Hrvoje"]
[Black "kiwibobo"]
[WhiteFideId "14501945"]
[WhiteElo "2151"]
[BlackElo "2140"]
[Result "0-1"]
[Round "11"]
[TimeControl "180+2"]
[Date "2023.02.21"]
[WhiteClock "0:00:11"]
[BlackClock "0:00:38"]

1. f4 Nf6 2. d3 g6 3. e4 Bg7 4. Nf3 O-O 5. Be2 d6 6. O-O Nc6 7. Qe1 e5 8. Qh4 Bd7 9. fxe5 dxe5 10. Bh6 Bxh6 11. Qxh6 Ng4 12. Qd2 Qe7 13. h3 Qc5+ 14. Kh1 Ne3 15. Rc1 f5 16. Nc3 f4 17. a3 Nd4 18. Nxd4 exd4 19. Nd1 Qg5 20. Bf3 Qg3 21. Qf2 Qg5 22. c3 c5 23. b4 b6 24. bxc5 bxc5 25. cxd4 cxd4 26. Qb2 Qg3 27. Qxd4 Nf1 28. Qg1 Ne3 29. Nxe3 fxe3 30. Qxe3 Bxh3 31. Qe1 Rxf3 32. gxf3 Qxf3+ 33. Kg1 Qg2# 0-1


[Site "https://www.chess.com"]

[Event "Titled Tuesday Blitz February 21 Early 2023"]
[White "Kiseljova, Marya"]
[Black "Zaichenko, Daria"]
[WhiteFideId "4155009"]
[BlackFideId "4197453"]
[WhiteElo "2031"]
[BlackElo "2104"]
[Result "1-0"]
[Round "11"]
[TimeControl "180+2"]
[Date "2023.02.21"]
[WhiteClock "0:00:17"]
[BlackClock "0:00:05"]

1. d4 d5 2. c4 e6 3. Nf3 Nf6 4. g3 Be7 5. Bg2 O-O 6. O-O dxc4 7. Qa4 a6 8. Qxc4 b5 9. Qb3 Bb7 10. Bf4 Nc6 11. Rd1 Rc8 12. Nc3 Na5 13. Qc2 Nd5 14. Nxd5 exd5 15. a3 c5 16. dxc5 Bxc5 17. Qf5 Nc4 18. b4 Ba7 19. Ne5 g6 20. Qd3 Nb2 21. Qd2 Nxd1 22. Rxd1 Qe7 23. Ng4 Kh8 24. Qb2+ f6 25. Bh6 Rf7 26. Bxd5 Bxd5 27. Rxd5 Qe6 28. Qd2 Bb6 29. h3 Bc7 30. Rc5 f5 31. Ne3 Rd7 32. Qb2+ Kg8 33. Qc2 Qd6 34. Nd5 Qe5 35. Nxc7 Rdxc7 36. Qb3+ Kh8 37. Rxe5 Rc1+ 38. Bxc1 1-0


[Site "https://www.chess.com"]

[Event "Titled Tuesday Blitz February 21 Early 2023"]
[White "Burdalev, Kirill"]
[Black "Dias, Joao Batista"]
[WhiteFideId "14121913"]
[BlackFideId "2108240"]
[WhiteElo "2368"]
[BlackElo "1796"]
[Result "1-0"]
[Round "11"]
[TimeControl "180+2"]
[Date "2023.02.21"]
[WhiteClock "0:00:14"]
[BlackClock "0:01:21"]

1. d4 d5 2. c4 e6 3. g3 Nf6 4. Bg2 Be7 5. Nf3 O-O 6. O-O c6 7. Qc2 Nbd7 8. Nbd2 h6 9. e4 dxe4 10. Nxe4 Nxe4 11. Qxe4 Nf6 12. Qe2 Bd7 13. Rd1 Qa5 14. Bd2 Qc7 15. Bf4 Qa5 16. a3 Nh5 17. Bd2 Qf5 18. Ne5 Rad8 19. g4 Nf4 20. Qf3 Qh7 21. Bxf4 Be8 22. Be3 f6 23. Nd3 h5 24. Nf4 hxg4 25. Qxg4 f5 26. Qh3 Rf6 27. Qxh7+ Kxh7 28. d5 cxd5 29. cxd5 e5 30. Ne6 Rd6 31. Bxa7 Bf7 32. Bc5 Rdxe6 33. dxe6 Bxc5 34. exf7 Rxf7 35. Rac1 b6 36. b4 Bd4 37. Rc6 Ra7 38. Rd3 g5 39. Kf1 g4 40. Bd5 Kg7 41. Be6 Kf6 42. Bc8+ Kg5 43. h3 gxh3 44. Rxh3 Kf4 45. Rf6 Ke4 46. Be6 f4 47. Rb3 Rc7 48. f3# 1-0


[Site "https://www.chess.com"]

[Event "Titled Tuesday Blitz February 21 Early 2023"]
[White "Cramling Bellon, Anna"]
[Black "Andreev, Konstantin"]
[WhiteFideId "32009232"]
[BlackFideId "24239305"]
[WhiteElo "2043"]
[BlackElo "2195"]
[Result "0-1"]
[Round "11"]
[TimeControl "180+2"]
[Date "2023.02.21"]
[WhiteClock "0:00:01"]
[BlackClock "0:00:28"]

1. d4 Nf6 2. c4 e6 3. Nc3 Bb4 4. Qc2 O-O 5. e4 d5 6. cxd5 exd5 7. e5 Ne4 8. Bd3 c5 9. Ne2 Nc6 10. O-O cxd4 11. Nxd5 Qxd5 12. Bxe4 Qxe5 13. Bf4 Qh5 14. Bxc6 bxc6 15. Nxd4 Qg4 16. Be3 c5 17. Nc6 Bb7 18. h3 Qh5 19. Nxb4 cxb4 20. Qc5 Qg6 21. Qg5 Qe4 22. Rac1 Rac8 23. b3 f6 24. Qg4 Qe7 25. Rc4 f5 26. Qd4 Rcd8 27. Qxa7 Ra8 28. Qc5 Qe6 29. Rxb4 Be4 30. a4 f4 31. Bd4 f3 32. Qe5 Qg6 33. g3 Rae8 34. Qc7 Rf7 35. Qb6 Qh5 36. Kh2 Bf5 37. h4 Qg4 38. Re1 Qh3+ 39. Kg1 Rxe1# 0-1


[Site "https://www.chess.com"]

[Event "Titled Tuesday Blitz February 21 Early 2023"]
[White "Kuchava, Ana"]
[Black "Kielinkei"]
[WhiteFideId "13605348"]
[WhiteElo "2101"]
[BlackElo "2378"]
[Result "0-1"]
[Round "11"]
[TimeControl "180+2"]
[Date "2023.02.21"]
[WhiteClock "0:01:02"]
[BlackClock "0:01:34"]

1. d4 f5 2. e4 fxe4 3. Nc3 Nf6 4. Bg5 d5 5. Bxf6 exf6 6. Qh5+ g6 7. Qxd5 Bb4 8. Qxe4+ Kf7 9. Bc4+ Kg7 10. Ne2 Re8 11. Qf3 Qxd4 12. Bb3 Bg4 13. Rd1 Bxf3 14. Rxd4 Bxc3+ 15. bxc3 Bxe2 16. Kd2 Bb5 17. a4 Bc6 18. f3 Nd7 19. a5 a6 20. Bc4 Nc5 21. Rb1 Rad8 22. Rd7+ Rxd7+ 0-1


[Site "https://www.chess.com"]

[Event "Titled Tuesday Blitz February 21 Early 2023"]
[White "lisjakzlatko1"]
[Black "Sarkar, Justin"]
[BlackFideId "2010011"]
[WhiteElo "2162"]
[BlackElo "2309"]
[Result "0-1"]
[Round "11"]
[TimeControl "180+2"]
[Date "2023.02.21"]
[WhiteClock "0:00:01"]
[BlackClock "0:00:06"]

1. e4 e5 2. Nf3 Nc6 3. Bb5 a6 4. Bxc6 dxc6 5. O-O Qf6 6. d4 exd4 7. Qxd4 Qxd4 8. Nxd4 Bd6 9. Be3 Ne7 10. f4 f5 11. e5 Bc5 12. Nxf5 Bxf5 13. Bxc5 Bxc2 14. Nc3 b6 15. Bxe7 Kxe7 16. Rac1 Bf5 17. Ne2 c5 18. Ng3 Bd3 19. Rfd1 c4 20. b3 b5 21. Nf1 Rad8 22. Ne3 Rhf8 23. g3 Rd4 24. Rd2 Rfd8 25. Kf2 Ke6 26. bxc4 bxc4 27. Re1 c3 28. Rdd1 g6 29. Rc1 Ra4 30. Rxc3 Rxa2+ 31. Kg1 Be4 32. Rxc7 Rd7 33. Rc5 Rdd2 34. h4 a5 0-1


[Site "https://www.chess.com"]

[Event "Titled Tuesday Blitz February 21 Early 2023"]
[White "Gharamian, Tigran"]
[Black "babbilator"]
[WhiteFideId "13301527"]
[WhiteElo "2601"]
[BlackElo "2129"]
[Result "0-1"]
[Round "11"]
[TimeControl "180+2"]
[Date "2023.02.21"]
[WhiteClock "0:00:52"]
[BlackClock "0:00:57"]

1. d4 Nf6 2. c4 e6 3. Nf3 Bb4+ 4. Nbd2 O-O 5. a3 Be7 6. e4 d5 7. e5 Nfd7 8. Bd3 c5 9. Qc2 h6 10. h4 f5 11. cxd5 exd5 12. Bxf5 cxd4 13. Nb3 Nc6 14. Be6+ Kh8 15. Bxh6 Ndxe5 16. Nxe5 Nxe5 17. Nxd4 gxh6 18. Qd2 Rf6 19. Bxc8 Rxc8 20. O-O Qg8 21. Rae1 Bd6 22. Re3 Nc4 0-1


[Site "https://www.chess.com"]

[Event "Titled Tuesday Blitz February 21 Early 2023"]
[White "Da Silva Borges, Rodrigo"]
[Black "Schut, Han"]
[WhiteFideId "2115778"]
[BlackFideId "1005561"]
[WhiteElo "2199"]
[BlackElo "2101"]
[Result "1-0"]
[Round "11"]
[TimeControl "180+2"]
[Date "2023.02.21"]
[WhiteClock "0:00:24"]
[BlackClock "0:00:02"]

1. e4 c5 2. Nf3 d6 3. d4 cxd4 4. Nxd4 Nf6 5. Nc3 g6 6. Be3 Bg7 7. f3 O-O 8. Qd2 Nc6 9. g4 Be6 10. h4 Ne5 11. O-O-O Rc8 12. h5 Qa5 13. a3 Nc4 14. Bxc4 Bxc4 15. hxg6 fxg6 16. Kb1 e5 17. Nb3 Bxb3 18. cxb3 Rc6 19. b4 Qd8 20. b5 Rxc3 21. Qxc3 Ne8 22. Bxa7 Qf6 23. Rd3 Rf7 24. Qc8 Rf8 25. Qxb7 d5 26. Qxd5+ Kh8 27. b6 Qe7 28. b7 Nc7 29. Qd7 Na6 30. Qxe7 1-0


[Site "https://www.chess.com"]

[Event "Titled Tuesday Blitz February 21 Early 2023"]
[White "Calcada, Lucas Galvan"]
[Black "Lauridsen, Jesper Morch"]
[WhiteFideId "22746099"]
[BlackFideId "1401890"]
[WhiteElo "1739"]
[BlackElo "2309"]
[Result "0-1"]
[Round "11"]
[TimeControl "180+2"]
[Date "2023.02.21"]
[WhiteClock "0:02:23"]
[BlackClock "0:02:28"]

1. e4 c5 2. Nf3 b6 3. d4 cxd4 4. Nxd4 Bb7 5. Bd3 e6 6. c4 Bc5 7. Nc2 Nf6 8. Nc3 Nc6 9. O-O h5 10. Qe2 Ng4 11. Kh1 Qh4 12. h3 Bxf2 13. Qf3 Nce5 14. Qe2 Qg3 0-1


[Site "https://www.chess.com"]